 Dungeon Crawl Stone Soup version 0.16-a0-4088-g7c8221e (webtiles) character file.

4095 Speissi the Basher (level 10, 0/90 HPs)
             Began as a Minotaur Gladiator on Feb 23, 2015.
             Was the Champion of Cheibriados.
             Slain by a yak (6 damage)
             ... on level 7 of the Dungeon.
             The game lasted 00:46:56 (7297 turns).

Speissi the Basher (Minotaur Gladiator)             Turns: 7297, Time: 00:46:56

Health: 0/90       AC:  9    Str: 37    XL:     10   Next: 5%
Magic:  6/6        EV:  2    Int: 20    God:    Cheibriados [******]
Gold:   379        SH:  0    Dex: 27    Spells: 0 memorised, 9 levels left

rFire  . . .     SeeInvis .     a - +0 flail (curse)
rCold  . . .     Clarity  .     j - +1 ring mail {MR+} (curse)
rNeg   + + +     SustAb   .     L - +0 shield
rPois  ∞         Gourm    .     c - +0 hat
rElec  .         Spirit   .     (no cloak)
rCorr  .         Warding  .     (no gloves)
rMut   .         Stasis   .     H - +0 pair of boots
MR     +....                    r - amulet of regeneration
Stlth  +.........               (no ring)
                                (no ring)

@: petrified, very slow, somewhat resistant to hostile enchantments, very
unstealthy
A: retaliatory headbutt, horns 2
a: Bend Time, Temporal Distortion, Slouch, Step From Time, Renounce Religion


You were on level 7 of the Dungeon.
You worshipped Cheibriados.
Cheibriados was exalted by your worship.
You were hungry.

You visited 2 branches of the dungeon, and saw 9 of its levels.
You also visited: Ossuary and Bailey.

You collected 379 gold pieces.

Inventory:

Hand weapons
 a - a cursed +0 flail (weapon)
Missiles
 d - 3 throwing nets (quivered)
Armour
 b - a +0 leather armour
 c - a +0 hat (worn)
 j - a cursed +1 ring mail of magic resistance (worn)
 H - a +0 pair of boots (worn)
 L - a +0 shield (worn)
Jewellery
 r - an amulet of regeneration (around neck)
 C - an uncursed amulet of resist corrosion
 G - an uncursed amulet of warding
Magical devices
 q - a wand of slowing (26)
 E - a wand of paralysis (6)
Scrolls
 e - 3 scrolls of recharging
 h - a scroll of noise {unknown}
 k - a scroll of remove curse {unknown}
 o - 2 scrolls of enchant armour
 p - 5 scrolls of teleportation
 x - a scroll of immolation {unknown}
 y - a scroll of enchant weapon {unknown}
 z - 2 scrolls of fog
 A - a scroll of fear {unknown}
 F - a scroll of brand weapon {unknown}
 K - a scroll of blinking {unknown}
Potions
 g - 2 potions of cancellation {unknown}
 i - 2 potions of heal wounds
 l - a potion of mutation {unknown}
 m - a potion of brilliance {unknown}
 n - 2 potions of lignification
 u - 4 potions of restore abilities
 v - 10 potions of curing
 w - 2 potions of cure mutation
 B - 2 potions of flight {unknown}
 D - a potion of berserk rage {unknown}
 I - 2 potions of might {unknown}
 J - a potion of agility {unknown}
 M - a potion of magic {unknown}
Comestibles
 f - 8 bread rations
 s - 3 meat rations
 t - 2 chunks of flesh


   Skills:
 + Level 8.4 Fighting
 + Level 12.0 Maces & Flails
 - Level 2.0 Throwing
 + Level 7.5 Armour
 - Level 6.1 Dodging
 + Level 1.4 Shields
 + Level 1.6 Invocations


You had 9 spell levels left.
You didn't know any spells.

Dungeon Overview and Level Annotations

Branches:
Dungeon (8/15)             Temple (1/1) D:5            Lair (0/8) D:8

Altars:
Ashenzari
Cheibriados
Elyvilon
Fedhas
Gozag
Kikubaaqudgha
Makhleb
Nemelex Xobeh
Qazlal
Ru
Sif Muna
Trog
Vehumet
Xom
Yredelemnul
Zin
The Shining One


Innate Abilities, Weirdness & Mutations

You reflexively headbutt those who attack you in melee.
You have a pair of horns on your head.


Message History

The basilisk is severely wounded.
The yak gores you. The yak gores you! The basilisk bites you!
* * * LOW HITPOINT WARNING * * *
Your limbs are stiffening.
You thump the basilisk! You headbutt the basilisk.
You kill the basilisk!
Cheibriados thoroughly appreciates the change of pace.
Your Maces & Flails skill increases to level 12!
The yak gores you. The yak closely misses you.
The yak gores you but does no damage.
You have turned to stone.
The yak gores you but does no damage. x2
The yak gores you!
* * * LOW HITPOINT WARNING * * *
The yak gores you. The yak gores you but does no damage. The yak gores you!
* * * LOW HITPOINT WARNING * * *
The yak gores you but does no damage. The yak gores you!
* * * LOW HITPOINT WARNING * * *
The yak gores you. The yak gores you!
You die...

###.## #..###...##..#####....#
#.# #..###...###....#.....# ##
#.## ##..##...##...........# .#
#..## #..#....#[....#.......
.###...#####....................<
..#..#..............###........#.
#..###........##..### ###....##..
#.###..#####...YY.## ##..##...
####...# #....@†.# ##.#...# ##.##
##..####.########....## #.# #..##
#.....##......## #.# ##.##
##..........#..# ##.# #..#
#.######....#.. ###..####.## #.#
##...... #.....##..#
#.#######...... ####..#...#
#.............. ##.....#
#..####.####...


You could see 2 yaks.

Vanquished Creatures
  An orc knight (Bailey)
  A basilisk (D:7)
  A water moccasin (D:7)
  A porcupine (D:8)
  A black bear (D:6)
  8 orc warriors (Bailey)
  An ice beast (D:6)
  3 ogres
  A big kobold (D:6)
  A gnoll sergeant (D:5)
  Blork the orc (D:7)
  A crocodile (D:8)
  4 giant frogs
  A scorpion (D:6)
  4 water moccasin zombies (Ossuary)
  A quasit (D:6)
  5 crimson imps
  2 centaur zombies
  2 hounds
  2 orc priests (D:4)
  An orc wizard (D:4)
  An iguana (D:4)
  5 worker ants
  A killer bee zombie (D:7)
  5 big kobold zombies (Ossuary)
  2 mummies (Ossuary)
  A hound zombie (D:7)
  Robin (D:2)
  23 gnolls
  5 adders
  A shadow imp (D:7)
  3 giant mites
  6 worms
  An adder skeleton (D:7)
  4 adder zombies (Ossuary)
  4 giant geckos
  21 orcs
  A bat skeleton (D:6)
  4 giant cockroaches
  5 gnoll zombies (Ossuary)
  28 hobgoblins
  14 jackals
  18 kobolds
  5 quokkas
  A ball python (D:1)
  18 bats
  A giant gecko zombie (D:7)
  6 giant newts
  40 goblins
  6 hobgoblin zombies (Ossuary)
  A kobold zombie (Ossuary)
  3 orc zombies (Ossuary)
  9 rats
287 creatures vanquished.

Vanquished Creatures (others)
  A jelly (D:5)
  A hobgoblin (D:5)
  A giant newt (D:5)
  A bush (D:8)
4 creatures vanquished.

Grand Total: 291 creatures vanquished

Notes
Turn   | Place    | Note
--------------------------------------------------------------
     0 | D:1      | Speissi, the Minotaur Gladiator, began the quest for the Orb.
     0 | D:1      | Reached XP level 1. HP: 18/18 MP: 1/1
   265 | D:1      | Reached XP level 2. HP: 25/25 MP: 1/1
   326 | D:1      | Reached skill level 4 in Maces & Flails
   627 | D:1      | Reached XP level 3. HP: 27/30 MP: 2/2
   812 | D:2      | Reached skill level 1 in Armour
   945 | D:2      | Noticed Robin
   967 | D:2      | Killed Robin
  1361 | D:2      | Reached XP level 4. HP: 32/37 MP: 2/2
  1963 | D:2      | Reached skill level 5 in Maces & Flails
  2335 | D:2      | Reached XP level 5. HP: 39/45 MP: 2/2
  2586 | D:2      | Found a shattered altar of Ashenzari.
  2664 | D:3      | Found a snail-covered altar of Cheibriados.
  2735 | D:3      | Became a worshipper of Cheibriados the Contemplative
  2796 | D:3      | Found a radiant altar of Vehumet.
  3136 | D:3      | Found a deep blue altar of Sif Muna.
  3272 | D:4      | Noticed an ogre
  3279 | D:4      | Killed an ogre
  3279 | D:4      | Reached XP level 6. HP: 49/51 MP: 3/3
  3345 | D:4      | Found a glowing silver altar of Zin.
  3345 | D:4      | Found a white marble altar of Elyvilon.
  3346 | D:4      | Found a glowing golden altar of the Shining One.
  3385 | D:4      | Reached skill level 6 in Maces & Flails
  3402 | D:4      | Found an opulent altar of Gozag.
  3502 | D:4      | Noticed an ogre
  3515 | D:4      | Killed an ogre
  3515 | D:4      | Reached skill level 5 in Dodging
  3515 | D:4      | Reached XP level 7. HP: 29/59 MP: 0/3
  3855 | D:5      | Entered Level 5 of the Dungeon
  3936 | D:5      | Found a sand-covered staircase.
  3942 | Ossuary  | Entered an ossuary
  4046 | Ossuary  | Reached skill level 7 in Maces & Flails
  4062 | Ossuary  | Acquired Cheibriados' first power
  4097 | Ossuary  | Reached skill level 5 in Armour
  4204 | D:5      | Reached XP level 8. HP: 67/67 MP: 3/3
  4214 | D:5      | Reached skill level 8 in Maces & Flails
  4323 | D:5      | Found a staircase to the Ecumenical Temple.
  4333 | Temple   | Entered the Ecumenical Temple
  4600 | D:5      | Found a stormy altar of Qazlal.
  4614 | D:5      | Found a shimmering altar of Xom.
  4752 | D:6      | Reached skill level 5 in Fighting
  4936 | D:6      | Reached skill level 9 in Maces & Flails
  4964 | D:6      | Acquired Cheibriados' second power
  5421 | D:7      | Reached skill level 10 in Maces & Flails
  5520 | D:6      | Reached XP level 9. HP: 66/75 MP: 4/4
  5606 | D:7      | Found a flagged portal.
  5617 | Bailey   | Entered a bailey
  5638 | Bailey   | Acquired Cheibriados' third power
  5914 | Bailey   | Reached skill level 11 in Maces & Flails
  5922 | Bailey   | Reached skill level 1 in Invocations
  6035 | Bailey   | Noticed an orc warlord
  6036 | Bailey   | Noticed an orc knight
  6182 | Bailey   | Killed an orc knight
  6587 | D:7      | Found an ancient bone altar of Kikubaaqudgha.
  7101 | D:7      | Noticed Blork the orc
  7105 | D:7      | Killed Blork the orc
  7260 | D:8      | Found a staircase to the Lair.
  7263 | D:8      | Reached skill level 1 in Shields
  7263 | D:8      | Reached XP level 10. HP: 84/89 MP: 6/6
  7292 | D:7      | Reached skill level 12 in Maces & Flails
  7297 | D:7      | Slain by a yak

Action                   |  1- 3 |  4- 6 |  7- 9 | 10-12 || total
-------------------------+-------+-------+-------+-------++-------
Melee: Flail             |    82 |   187 |   365 |     3 ||   637
Invok: Bend Time         |       |     1 |     2 |       ||     3
  Use: Scroll            |       |     3 |    10 |       ||    13
       Potion            |       |       |       |     1 ||     1
 Stab: Sleeping          |       |       |     1 |       ||     1
  Eat: Chunk             |     1 |     7 |     4 |       ||    12
       Fruit             |       |       |     1 |       ||     1
       Pizza             |       |       |     1 |       ||     1
       Bread ration      |       |       |     1 |       ||     1
